 Dungeon Crawl Stone Soup version 0.19-a0-518-g626ee58 (console) character file.

834 echoplus the Conjurer (level 7, -7/50 HPs)
             Began as a Demigod Conjurer on June 6, 2016.
             Mangled by a wraith (15 damage)
             ... on level 7 of the Dungeon on June 7, 2016.
             The game lasted 00:15:53 (6171 turns).

echoplus the Conjurer (Demigod Conjurer)            Turns: 6171, Time: 00:15:54

Health: -7/50      AC:  4    Str: 11    XL:     7   Next: 38%
Magic:  7/17       EV: 13    Int: 23    God:
Gold:   81         SH:  0    Dex: 16    Spells: 4 memorised, 5 levels left

rFire  . . .     SeeInvis .     l - +2 dagger (freeze) {ADDER SLAYER}
rCold  . . .     Gourm    .     a - +0 robe
rNeg   . . .     Faith    .     (no shield)
rPois  .         Spirit   .     t - +0 helmet
rElec  .         Dismiss  .     (no cloak)
rCorr  .         Reflect  .     e - +0 pair of gloves
SustAt +         Harm     .     (no boots)
MR     .....                    y - amulet of rage
Stlth  ++........               (no ring)
                                (no ring)

@: not resistant to hostile enchantments, unstealthy
A: high mp 1, sustain attributes
a: Evoke Berserk Rage


You were on level 7 of the Dungeon.
You were hungry.

You visited 1 branch of the dungeon, and saw 6 of its levels.

You collected 222 gold pieces.
You spent 141 gold pieces at shops.

Inventory:

Hand Weapons
 l - a +2 dagger of freezing (weapon) {ADDER SLAYER}
Missiles
 m - 6 tomahawks of returning (quivered)
Armour
 a - a +0 robe (worn)
 e - a +0 pair of gloves (worn)
 t - a +0 helmet (worn)
Jewellery
 y - an amulet of rage (around neck)
Wands
 w - a wand of flame (37/48)
Scrolls
 f - a scroll of fear {unknown}
 i - 2 scrolls of random uselessness {unknown}
 j - 2 scrolls of blinking {unknown}
 k - 3 scrolls of magic mapping {unknown}
 n - 3 scrolls of remove curse {unknown}
 o - a scroll of immolation {unknown}
 q - a scroll of amnesia {unknown}
 u - a scroll of enchant armour {unknown}
 A - a scroll of teleportation {unknown}
Potions
 g - 2 potions of cure mutation
 h - a potion of brilliance
 r - a potion of ambrosia {unknown}
 x - a potion of magic {unknown}
Books
 b - a book of Conjurations

   Spells                             Type                      Level
   a - Magic Dart                     Conjuration                  1
   b - Searing Ray                    Conjuration                  2
   c - Dazzling Spray                 Conjuration/Hexes            3
   d - Fulminant Prism                Conjuration/Hexes            4
   e - Iskenderun's Mystic Blast      Conjuration                  4
   f - Iskenderun's Battlesphere      Conjuration/Charms           5
 s - a book of Fire

   Spells                             Type                      Level
   a - Ignite Poison                  Fire/Transmutation/Poison    3
   b - Fireball                       Conjuration/Fire             5
   c - Bolt of Fire                   Conjuration/Fire             6
   d - Delayed Fireball               Conjuration/Fire             7
   e - Ring of Flames                 Charms/Fire                  7
 z - a book of Ice

   Spells                             Type                      Level
   a - Ice Form                       Ice/Transmutation            4
   b - Metabolic Englaciation         Hexes/Ice                    5
   c - Ozocubu's Refrigeration        Ice                          6
   d - Bolt of Cold                   Conjuration/Ice              6
   e - Freezing Cloud                 Conjuration/Ice/Air          6
   f - Simulacrum                     Ice/Necromancy               6
Comestibles
 c - 4 bread rations
 v - 19 fruits
 B - a chunk of flesh


   Skills:
 - Level 2.0 Dodging
 - Level 2.0 Stealth
 + Level 4.5 Spellcasting
 + Level 6.0 Conjurations
 + Level 3.8 Hexes


You had 5 spell levels left.
You knew the following spells:

 Your Spells              Type           Power        Failure   Level  Hunger
a - Magic Dart            Conj           ####         1%          1    None
b - Searing Ray           Conj           ####..       1%          2    None
c - Dazzling Spray        Conj/Hex       ####..       4%          3    ##.....
d - Fulminant Prism       Conj/Hex       ####......   14%         4    ####...


Dungeon Overview and Level Annotations

Branches:
Dungeon (5/15)             Temple (0/1) D:7

Shops:
D:4 **}}[

Annotations:
D:4 Edmund


Innate Abilities, Weirdness & Mutations

You have an increased reservoir of magic. (+10% MP)
Your attributes are resistant to harm.


Message History

Your fulminant prism explodes!
The blast of energy engulfs the wraith.
The wraith is severely damaged.
The blast of energy engulfs you! The wraith hits you.
The wraith drains your vigour!
You feel yourself slow down. The wraith hits you!
* * * LOW HITPOINT WARNING * * *
The wraith drains your vigour!
You feel as though you will be slow longer.
Okay, then.
You feel better. The wraith closely misses you.
It was a potion of cancellation.
Your magical effects are unravelling.
You feel magically purged.
You feel yourself speed up. The wraith hits you!
* * * LOW HITPOINT WARNING * * *
The wraith hits you!
You die...

#. #.##.# #.. #..#.#
#...##'#.######
#...........#
#...........# #
#...........# ##
######.########## .#
#>..W......# .#
###..p#......# .#
#............# .#
#########............#
.#
#......)'............#
.#
#.#######............#
.# #.# #........#####
.# #.# ########## .#
#.# ## #.#


You could see a wraith.

Vanquished Creatures
  Grinder (D:5)
  An ice beast (D:4)
  A howler monkey (D:4)
  An orc priest (D:7)
  4 orc wizards
  A centaur skeleton (D:4)
  Jessica (D:2)
  An iguana (D:4)
  A worker ant (D:7)
  Robin (D:3)
  10 adders
  3 gnolls (D:4)
  An ooze (D:1)
  2 worms (D:3)
  2 dart slugs
  3 giant geckos
  6 orcs
  2 giant cockroaches
  11 goblins
  14 hobgoblins
  6 jackals
  A quokka (D:2)
  2 ball pythons
  10 bats
  A giant gecko skeleton (D:4)
  8 kobolds
  7 rats
102 creatures vanquished.

Vanquished Creatures (others)
  7 fulminant prisms
7 creatures vanquished.

Grand Total: 109 creatures vanquished

Notes
Turn   | Place    | Note
--------------------------------------------------------------
     0 | D:1      | echoplus the Demigod Conjurer began the quest for the Orb.
     0 | D:1      | Reached XP level 1. HP: 14/14 MP: 5/5
   662 | D:1      | Reached XP level 2. HP: 19/20 MP: 2/7
   713 | D:1      | Learned a level 2 spell: Searing Ray
  1012 | D:1      | Reached skill level 4 in Conjurations
  1147 | D:2      | Noticed Jessica
  1224 | D:2      | Killed Jessica
  1224 | D:2      | Reached XP level 3. HP: 26/26 MP: 5/9
  1235 | D:2      | Learned a level 3 spell: Dazzling Spray
  1515 | D:2      | Reached XP level 4. HP: 27/33 MP: 4/11
  1677 | D:2      | Found a glowing silver altar of Zin.
  1816 | D:2      | Reached skill level 1 in Hexes
  2139 | D:2      | Found a shadowy altar of Dithmenos.
  2473 | D:3      | Noticed Robin
  2707 | D:3      | Reached XP level 5. HP: 29/38 MP: 5/12
  3037 | D:3      | Learned a level 4 spell: Fulminant Prism
  3076 | D:3      | Killed Robin
  3153 | D:3      | Found a hide-covered altar of Uskayaw.
  3153 | D:3      | Found a deep blue altar of Sif Muna.
  3193 | D:3      | Found a burning altar of Makhleb.
  3193 | D:3      | Found an ancient bone altar of Kikubaaqudgha.
  3276 | D:3      | Found a glowing golden altar of the Shining One.
  3575 | D:4      | Reached skill level 5 in Conjurations
  3691 | D:4      | Found Ehacadai's Gadget Shoppe.
  3722 | D:4      | Reached XP level 6. HP: 45/45 MP: 10/14
  3801 | D:4      | Found Syroh's Gadget Shoppe.
  3867 | D:4      | Found Yfalop's Assorted Antiques.
  3876 | D:4      | Bought a thin zirconium amulet for 115 gold pieces
  3955 | D:4      | Found Unashra's General Store.
  3961 | D:4      | Bought a scroll of identify for 26 gold pieces
  4005 | D:4      | Found Heqynehy's Antique Armour Boutique.
  5180 | D:5      | Entered Level 5 of the Dungeon
  5180 | D:5      | Found an opulent altar of Gozag.
  5213 | D:5      | Noticed Grinder
  5226 | D:5      | Noticed Edmund
  5226 | D:5      | Paralysed by Grinder for 2 turns
  5229 | D:5      | Killed Grinder
  5229 | D:5      | Reached XP level 7. HP: 50/50 MP: 4/16
  5701 | D:5      | You fall through a shaft for 2 floors!
  5701 | D:7      | Found a staircase to the Ecumenical Temple.
  6066 | D:7      | Reached skill level 6 in Conjurations
  6146 | D:7      | Noticed a wraith
  6171 | D:7      | Mangled by a wraith

Vault maps used:
D:1:      scummos_arrival_forest
D:2:      zin_academy, lemuel_crystal_altar, uniq_robin, uniq_jessica
D:3:      tso_altar, grunt_temple_overflow_cloverleaf, first_bread,
          dk_vineyard_2, bh_walls_and_bars
D:4:      serial_shops, shop, kennysheep_mini_moat, shop,
          nicolae_shop_overgrown_old_shop, shop, amethyst_killhole
D:5:      lemuel_coloured_pillars_altar, lemuel_crystal_altar,
          nicolae_gozag_seed_capital, portal_sewer_entry_f, uniq_edmund,
          uniq_grinder
D:7:      minmay_temple_entry_mist, uniq_duvessa

Skill      XL: |  1  2  3  4  5  6  7 |
---------------+----------------------+-----
Spellcasting   | 2 3 4 |  4.5
Conjurations   | 4 5 6 |  6.0
Stealth        | 2 |  2.0
Hexes          | 1 2 3 |  3.8
Dodging        | 2 |  2.0

Action                   |  1- 3 |  4- 6 |  7- 9 || total
-------------------------+-------+-------+-------++-------
Melee: Unarmed           |    10 |       |       ||    10
       Dagger            |     8 |   147 |    29 ||   184
 Cast: Magic Dart        |    68 |    75 |    11 ||   154
       Dazzling Spray    |       |    13 |     9 ||    22
       Fulminant Prism   |       |     4 |     3 ||     7
  Use: Potion            |       |     1 |     2 ||     3
       Scroll            |       |     2 |       ||     2
 Stab: Sleeping          |       |     3 |       ||     3
       Invisible         |       |     6 |     4 ||    10
  Eat: Chunk             |     2 |     9 |       ||    11
       Beef jerky        |       |     1 |       ||     1
       Meat ration       |       |     1 |       ||     1
       Pizza             |       |     1 |       ||     1
Armor: Robe              |     6 |    27 |     3 ||    36
Dodge: Dodged            |    23 |    97 |    25 ||   145
